 Dungeon Crawl Stone Soup version 0.30-a0-1066-g63dfefce0d (webtiles) character file.

Game seed: 14369567714896503289

37975 Zeldest the Carver (level 13, -13/116 HPs)
             Began as a Purple Draconian Monk on Apr 13, 2023.
             Killed from afar by a deep elf pyromancer (37 damage)
             ... with a bolt of fire
             ... on level 12 of the Dungeon.
             The game lasted 00:20:20 (13382 turns).

Zeldest the Carver (Purple Draconian Monk)         Turns: 13382, Time: 00:20:20

Health: -13/116    AC: 10    Str: 14    XL:     13   Next: 61%
Magic:  17/17      EV: 18    Int: 11    God:
Gold:   501        SH:  5    Dex: 18    Spells: 12/12 levels left

rFire   . . .      SeeInvis .    b - +8 arc blade {discharge, rElec}
rCold   . . .      Faith    .    c - orb {light}
rNeg    . . .      Spirit   .    (body armour unavailable)
rPois   .          Reflect  +    o - +1 hat
rElec   +          Rampage  .    F - +0 cloak
rCorr   .                        (no gloves)
Will    +....                    (no boots)
Stlth   +                        x - amulet of reflection
HPRegen 0.39/turn                (no ring)
MPRegen 0.15/turn                (no ring)

@: hasted, glowing, very quick
A: breathe power, AC +8, unfitting armour, cold-blooded
a: Breathe Dispelling Energy


You were on level 12 of the Dungeon.
You visited 2 branches of the dungeon, and saw 13 of its levels.
You also visited: Bailey.

You collected 834 gold pieces.
You spent 333 gold pieces at shops.

Inventory:

Hand Weapons
 a - the +9 scimitar of Caustic Tenacity {flame, rPois rF+ rN+ Str+4}
   (You bought it in a shop on level 9 of the Dungeon)

   Str:       It affects your strength (+4).
   rF:        It protects you from fire.
   rPois:     It protects you from poison.
   rN:        It protects you from negative energy.
 b - the +8 arc blade (weapon) {discharge, rElec}
   (You took it off a deep elf pyromancer on level 8 of the Dungeon)

   rElec:     It insulates you from electricity.
Armour
 c - an orb of light (worn)
 o - a +1 hat (worn)
 F - a +0 cloak (worn)
Jewellery
 j - a ring of ice
 x - an amulet of reflection (around neck)
Wands
 l - a wand of digging (15)
 t - a wand of mindburst (6)
 y - a wand of polymorph (9)
 A - a wand of flame (6)
 J - a wand of quicksilver (2)
Scrolls
 d - 3 scrolls of amnesia
 e - a scroll of enchant weapon
 k - 6 scrolls of teleportation
 m - a scroll of blinking
 q - 4 scrolls of fog
 r - a scroll of fear
 v - a scroll of acquirement {unknown}
 w - 3 scrolls of poison
 G - a scroll of enchant armour
 K - a scroll of immolation {unknown}
Potions
 f - 9 potions of attraction
 h - a potion of resistance
 i - a potion of haste
 n - 2 potions of curing
 p - 5 potions of flight
 s - 2 potions of invisibility
 u - a potion of brilliance
 z - 3 potions of mutation
 B - a potion of heal wounds
 D - 4 potions of cancellation
 E - a potion of lignification
 H - a potion of berserk rage
 I - 2 potions of ambrosia


   Skills:
 + Level 11.6 Fighting
 - Level 10.9(14.0) Short Blades
 - Level 14.1(15.5) Long Blades
 + Level 9.8 Dodging
 - Level 2.4 Stealth
 + Level 6.0 Invocations


You had 12 spell levels left.
You didn't know any spells.
Your spell library contained the following spells:

 Spells                   Type           Power      Damage    Failure   Level
 Apportation              Tloc           0%         N/A       34%         1
 Beastly Appendage        Tmut           0%         N/A       34%         1
 Magic Dart               Conj           0%         1d3       34%         1
 Slow                     Hex            0%         N/A       34%         1
 Sting                    Tmut/Pois      0%         1d3       34%         1
 Call Imp                 Summ           0%         N/A       47%         2
 Poisonous Vapours        Pois/Air       0%         N/A       47%         2
 Static Discharge         Conj/Air       0%         2-2/arc   47%         2
 Sublimation of Blood     Necr           0%         N/A       47%         2
 Wereblood                Tmut           0%         N/A       47%         2
 Confusing Touch          Hex            0%         N/A       71%         3
 Mephitic Cloud           Conj/Pois/Air  0%         N/A       71%         3
 Spider Form              Tmut/Pois      0%         N/A       71%         3
 Vampiric Draining        Necr           0%         2d6       71%         3
 Airstrike                Air            0%         2d(0-16)  98%         4
 Olgreb's Toxic Radiance  Pois           0%         N/A       98%         4
 Summon Lightning Spire   Summ/Air       0%         N/A       98%         4
 Alistair's Intoxication  Tmut/Pois      0%         N/A       100%        5
 Summon Hydra             Summ           0%         N/A       100%        7


Dungeon Overview and Level Annotations

Branches:
Dungeon (12/15) Zot: 26950  Temple (1/1) D:7 Zot: 5891     Orc (0/2) D:11
 Bailey (visited)
   Lair: D:8-11

Altars:
Ashenzari
Cheibriados
Dithmenos
Elyvilon
Fedhas
Gozag
Hepliaklqana
Kikubaaqudgha
Makhleb
Nemelex Xobeh
Okawaru
Qazlal
Ru
Sif Muna
Trog
Uskayaw
Vehumet
Wu Jian
Xom
Yredelemnul
Zin
The Shining One

Shops:
D:9 (

Annotations:
D:5 3 runed translucent doors, exclusion: door, Crazy Yiuf; GigaChad's ghost, novice FoFi
D:9 2 transporters


Innate Abilities, Weirdness & Mutations

You can breathe bolts of dispelling energy.
Your rich purple scales are hard. (AC +8)
You cannot fit into any form of body armour.
You are cold-blooded and may be slowed by cold attacks.


Message History

You hit the slime creature.
You tail-slap the slime creature, but do no damage.
The slime creature is lightly wounded.
You hit the slime creature.
The slime creature is moderately wounded.
The slime creature hits you! The slime creature barely misses you.
The slime creature hits you!
You are too injured to fight recklessly!
You hit the slime creature.
The slime creature is lightly wounded.
You completely miss the slime creature. You tail-slap the slime creature.
The slime creature is lightly wounded.
The slime creature hits you! x2
* * * LOW HITPOINT WARNING * * *
The slime creature barely misses you.
The slime creature attacks as you move away!
The slime creature closely misses you.
Two slime creatures merge to form a large slime creature.
The slime creature attacks as you move away!
You block the slime creature's attack.
The slime creature attacks as you move away!
You block the slime creature's attack.
Blink to where?
Press: ? - help, Dir - move target
As you read the scroll of blinking, it crumbles to dust.
Okay, then.
As you read the scroll labelled WECSAHATRI, it crumbles to dust.
Your body is wracked with pain!
* * * LOW HITPOINT WARNING * * *
The slime creature convulses!
It was a scroll of torment.
You feel yourself speed up.
Found a stone staircase leading up.
A deep elf pyromancer comes into view. It is wielding a +0 short sword.
The deep elf pyromancer shouts!
The deep elf pyromancer mumbles some strange words.
Found a glaive.
The deep elf pyromancer casts a spell at you.
The bolt of fire hits the fire elemental.
The fire elemental completely resists.
The bolt of fire hits you!!!
You die...

#.#...##.#........>..
##.....##.####........
##...#..##.. ...#......
#...##.####...........#
#....#..###..........#.
##.........#............
#####.........##e.<..
#............E☼°......
#..........@....○...
##....#.........°.°.
##.# ###........... ..
#......(..... ..
..............
#..............
................
..............)


You could see a deep elf pyromancer and a fire elemental (summoned).

Vanquished Creatures
  An orc warlord (Bailey)
  A hydra (D:11)
  2 centaur warriors
  3 tengu warriors (D:11)
  3 two-headed ogres
  2 deep elf pyromancers (D:8)
  5 ugly things
  5 cyclopes (D:11)
  A gargoyle (D:10)
  An efreet (D:8)
  An unseen horror (D:10)
  A yaktaur (D:8)
  3 trolls
  Grinder (D:3)
  A polar bear (D:7)
  A wraith (D:12)
  4 wyverns
  23 yaks
  Grum (D:10)
  A human (shapeshifter) (D:11)
  Menkaure (D:4)
  A warg (D:11)
  An acid dragon (D:11)
  2 water moccasins (D:7)
  Duvessa (D:5)
  5 orc warriors
  An ice beast (D:8)
  A black bear (D:5)
  An ogre (D:6)
  2 wolves (D:10)
  4 centaurs
  5 kobold brigands
  Blork the orc (D:4)
  5 bullfrogs
  2 scorpions (D:5)
  2 gnoll sergeants (D:11)
  13 wights
  Dowan (D:5)
  19 killer bees
  4 howler monkeys
  An electric eel (D:10)
  6 hounds
  4 jellies
  6 orc priests
  2 sleepcaps
  Ijyb (D:3)
  5 iguanas
  17 orc wizards
  4 adders (D:3)
  9 gnolls
  3 shadow imps
  A white imp (D:6)
  4 worms
  2 dart slugs
  46 orcs
  6 ball pythons
  9 endoplasms
  9 giant cockroaches
  6 goblins
  9 hobgoblins
  6 quokkas
  6 bats
  3 frilled lizards
  30 kobolds
  2 rats
330 creatures vanquished.

Vanquished Creatures (others)
  8 fungi (D:5)
  8 toadstools (D:5)
16 creatures vanquished.

Grand Total: 346 creatures vanquished

Notes
Turn   | Place    | Note
-------+----------+-------------------------------------------
     0 | D:1      | Zeldest the Draconian Monk began the quest for the Orb.
     0 | D:1      | Reached XP level 1. HP: 19/19 MP: 1/1
    63 | D:1      | Reached XP level 2. HP: 26/26 MP: 2/2
   282 | D:1      | Found a faded altar of an unknown god.
   687 | D:1      | Reached XP level 3. HP: 26/33 MP: 3/3
  1617 | D:3      | Reached XP level 4. HP: 36/40 MP: 4/4
  1871 | D:3      | Found a sacrificial altar of Ru.
  1897 | D:3      | Noticed Grinder
  1908 | D:3      | Killed Grinder
  1909 | D:3      | Reached skill level 5 in Fighting
  1909 | D:3      | Reached XP level 5. HP: 7/48 MP: 5/5
  1909 | D:3      | Reached XP level 6. HP: 8/56 MP: 6/6
  2541 | D:3      | Noticed Ijyb
  2543 | D:3      | Found a bloodstained altar of Trog.
  2576 | D:3      | Killed Ijyb
  2690 | D:4      | Noticed Menkaure
  2731 | D:4      | Found a blossoming altar of Fedhas.
  3476 | D:5      | Entered Level 5 of the Dungeon
  3525 | D:5      | Reached skill level 5 in Short Blades
  3617 | D:5      | Noticed Dowan
  3618 | D:5      | Noticed Duvessa
  3772 | D:5      | Your scales start taking on a rich purple colour.
  3772 | D:5      | Reached XP level 7. HP: 42/62 MP: 7/7
  4092 | D:5      | Reached skill level 5 in Dodging
  4226 | D:5      | Noticed a slime creature
  4227 | D:5      | Noticed a slime creature
  4315 | D:5      | Killed Duvessa
  4317 | D:5      | Killed Dowan
  4318 | D:5      | Reached XP level 8. HP: 34/71 MP: 8/8
  4711 | D:5      | Found a runed translucent door.
  4712 | D:5      | Noticed Crazy Yiuf
  4812 | D:5      | Found a runed translucent door.
  4813 | D:5      | Noticed GigaChad's ghost (novice FoFi)
  4830 | D:5      | Found a runed translucent door.
  4960 | D:5      | Found a basalt altar of Yredelemnul.
  5277 | D:4      | Killed Menkaure
  5494 | D:4      | Noticed Blork the orc
  5510 | D:4      | Killed Blork the orc
  6090 | D:6      | Reached XP level 9. HP: 64/81 MP: 9/9
  6739 | D:7      | Found a flagged portal.
  6828 | Bailey   | Entered a bailey
  6833 | Bailey   | Noticed an orc warlord
  6876 | Bailey   | Reached skill level 1 in Long Blades
  6913 | Bailey   | Found a runed translucent gate.
  6914 | Bailey   | Found a runed translucent gate.
  6915 | Bailey   | Found a runed translucent gate.
  7100 | Bailey   | Reached skill level 2 in Long Blades
  7159 | Bailey   | Killed an orc warlord
  7160 | Bailey   | Reached skill level 4 in Long Blades
  7380 | D:7      | Reached skill level 5 in Long Blades
  7380 | D:7      | Reached XP level 10. HP: 85/91 MP: 10/10
  7613 | D:7      | Noticed Joseph
  7624 | D:7      | Joseph changed into Joseph the polar bear
  7624 | D:7      | Noticed Joseph
  7629 | D:7      | Killed Joseph the polar bear
  7788 | D:7      | Found a staircase to the Ecumenical Temple.
  7883 | Temple   | Entered the Ecumenical Temple
  8432 | D:8      | Reached skill level 6 in Long Blades
  8661 | D:8      | Noticed a two-headed ogre
  8810 | D:8      | Killed a two-headed ogre
  8930 | D:8      | Reached skill level 11 in Long Blades
  8930 | D:8      | Reached XP level 11. HP: 99/99 MP: 11/11
  8931 | D:8      | Reached skill level 14 in Long Blades
  8931 | D:8      | Reached XP level 12. HP: 106/106 MP: 12/12
  8974 | D:8      | Found an ornate altar of the Wu Jian Council.
  9080 | D:9      | Found Xufrohog's Antique Weapon Boutique.
  9101 | D:9      | Bought an iridescent scimitar for 333 gold pieces
  9101 | D:9      | Identified the +9 scimitar of Caustic Tenacity {flame,
                  | rPois rF+ rN+ Str+4} (You bought it in a shop on level 9 of
                  | the Dungeon)
  9155 | D:9      | Noticed a two-headed ogre
  9161 | D:9      | Killed a two-headed ogre
  9162 | D:9      | Reached skill level 10 in Fighting
  9162 | D:9      | Reached skill level 1 in Invocations
  9502 | D:9      | Found a sparkling altar of Nemelex Xobeh.
  9504 | D:9      | Noticed a five-headed hydra
  9516 | D:9      | Found a transporter.
  9621 | D:9      | Found a transporter.
 10244 | D:8      | Noticed a two-headed ogre
 10401 | D:8      | Noticed a centaur warrior
 10414 | D:8      | Killed a centaur warrior
 10705 | D:10     | Entered Level 10 of the Dungeon
 10722 | D:10     | Found a hide-covered altar of Uskayaw.
 11003 | D:10     | Noticed Grum
 11013 | D:10     | Killed Grum
 11042 | D:10     | Reached XP level 13. HP: 60/114 MP: 15/15
 11236 | D:10     | Reached skill level 10 in Short Blades
 11637 | D:10     | Found a snail-covered altar of Cheibriados.
 12225 | D:11     | Reached skill level 5 in Invocations
 13089 | D:11     | Found a staircase to the Orcish Mines.
 13324 | D:11     | You fall into a shaft and drop 1 floor!
 13382 | D:12     | Killed from afar by a deep elf pyromancer

Illustrated notes

Levels and vault maps discovered:
D:1:      dpeg_arrival_boxorama, layout_basic, shapermc_ecumenical_altar_venn
D:2:      layout_loops_ring
D:3:      layout_loops_ring, lemuel_coloured_pillars_altar, marbit_many_paths,
          gup_sewer_entry_pipe, minmay_fractal_squares_gapless_5, uniq_ijyb,
          uniq_grinder
D:4:      layout_basic, fedhas_altar_4, uniq_menkaure, uniq_blork_the_orc
D:5:      cheibrodos_fertilizer, layout_basic,
          mainiacjoe_overflow_small_starburst, ebering_ghost_sewer_f,
          st_stairs_1, uniq_duvessa, uniq_crazy_yiuf_cottage
D:6:      dreamdust_elfheim, layout_basic, kennysheep_generic_room_11
D:7:      layout_loops_cross, minmay_temple_entry_poolview, enter_bailey_8,
          uniq_joseph
D:8:      layout_loops_ring, nzn_wu_jian_contemplation, chequers_jeans,
          minmay_evil_grid
D:9:      layout_basic, gammafunk_temple_overflow_arena, serial_shops,
          shop_fountains
D:10:     layout_rooms, nicolae_overflow_squiral,
          amcnicky_mini_corridor_feature, uniq_grum
D:11:     hangedman_cross_veins, layout_loops_cross, erik_orc_3, uniq_erolcha
D:12:     layout_cave_pools, gammafunk_ghost_nasty_kobolds, worms_lemuel
Temple:   jpeg_temple_clearing

Skill      XL: |  1  2  3  4  5  6  7  8  9 10 11 12 13 |
---------------+----------------------------------------+-----
Stealth        | 2 |  2.4
Dodging        | 3 4 5 6 7 8 9 |  9.8
Fighting       | 4 5 6 8 9 10 11 | 11.6
Short Blades   | 4 5 6 7 8 9 10 | 10.9
Long Blades    | 5 11 14 | 14.1
Invocations    | 3 6 |  6.0

Action                     |  1- 3 |  4- 6 |  7- 9 | 10-12 | 13-15 || total
---------------------------+-------+-------+-------+-------+-------++-------
  Melee: Short sword       |   156 |   248 |   316 |       |       ||   720
         Tailslap          |    33 |    59 |    83 |    30 |    30 ||   235
         Scimitar          |       |       |    75 |   158 |     4 ||   237
         Rapier            |       |       |       |    46 |   177 ||   223
  Throw: Throwing net      |       |       |     1 |       |       ||     1
Ability: Breathe Dispellin |       |       |    14 |     3 |       ||    17
  Evoke: Wand              |       |       |     9 |     3 |       ||    12
    Use: Potion            |       |     7 |     2 |     3 |     2 ||    14
         Scroll            |       |       |    15 |     1 |     4 ||    20
   Stab: Sleeping          |     2 |     1 |     1 |     1 |       ||     5
         Held in net/web   |       |       |     1 |       |       ||     1
 Armour: Skin              |    33 |    48 |    66 |    35 |    33 ||   215
  Dodge: Dodged            |    72 |   111 |   210 |   131 |    97 ||   621
  Block: Orb               |       |       |       |    33 |    34 ||    67
         Reflection        |       |       |       |       |     1 ||     1

Table legend: (Time is in decaauts)
 A = Elapsed time spent in this place.
 B = Non-inter-level travel time spent in this place.
 C = Inter-level travel time spent in this place.
 D = Time resting spent in this place.
 E = Time spent auto-exploring this place.
 F = Levels seen in this place.
 G = Mean time per level.
                   A        B        C        D        E       F      G
               +--------+--------+--------+--------+--------+-----+--------+
         Total |  13098 |  12486 |    612 |   4147 |   5944 |  14 |  935.6 |
       Dungeon |  12553 |  11953 |    600 |   3963 |   5819 |  12 | 1046.1 |
        Temple |    108 |     96 |     12 |      0 |     83 |   1 |  108.0 |
        Bailey |    436 |    436 |      0 |    184 |     42 |   1 |  436.0 |
               +--------+--------+--------+--------+--------+-----+--------+

Top non-repeatable levels by time:
     D:8: 1601 daAuts
     D:5: 1594 daAuts
    D:11: 1544 daAuts
     D:3: 1260 daAuts
     D:4: 1192 daAuts
     D:7: 1109 daAuts
     D:1: 962 daAuts
     D:9: 958 daAuts
    D:10: 836 daAuts
     D:6: 816 daAuts
     D:2: 626 daAuts
  Bailey: 436 daAuts
  Temple: 108 daAuts
    D:12: 49 daAuts
